 Dungeon Sprint DCSS version 0.28-a0-429-g1448048969 (webtiles) character file.

Game seed: 17134920586959882132

438 dolemite99 the Distorting Minotaur (level 6, -11/51 HPs)
             Began as a Minotaur Abyssal Knight on Sept 12, 2021.
             Was a Believer of Lugonu.
             Mangled by Sonja (14 damage)
             ... in the Dungeon (Sprint I: "Red Sonja").
             The game lasted 00:02:25 (983 turns).

dolemite99 the Distorting Minotaur (MiAK)            Turns: 983, Time: 00:02:25

Health: -11/51     AC:  6    Str: 17    XL:     6   Next: 69%
Magic:  13/13      EV: 11    Int: 11    God:    Lugonu [**....]
Gold:   95         SH:  0    Dex: 15    Spells: 5/5 levels left

rFire   . . .      SeeInvis .   a - +1 spear
rCold   . . .      Faith    .   (no shield)
rNeg    . . .      Spirit   .   i - +1 ring mail of Lightning Storm {Int+2 Dex+4}
rPois   .          Reflect  .   (helmet restricted)
rElec   .          Harm     .   (no cloak)
rCorr   .          Rampage  .   (no gloves)
Will    .....      NoTele   +   (no boots)
Stlth   +.........              (no amulet)
HPRegen 0.17/turn               (no ring)
MPRegen 0.13/turn               (no ring)

@: slowed, very slow
A: horns 2, retaliatory headbutt
a: Renounce Religion, Bend Space


You were in the Dungeon.
You worshipped Lugonu.
Lugonu was pleased with you.
You visited 1 branch You collected 320 gold pieces.
You spent 225 gold pieces at shops.

Inventory:

Hand Weapons
 a - a +1 spear (weapon)
 e - a +0 scythe
Armour
 b - a +0 leather armour
 g - a +0 ring mail
 i - the +1 ring mail of Lightning Storm (worn) {Int+2 Dex+4}
   (You bought it in a shop in the Dungeon)

   Int:       It affects your intelligence (+2).
   Dex:       It affects your dexterity (+4).
Scrolls
 h - a scroll of blinking
Potions
 f - 2 potions of magic


   Skills:
 - Level 3.6 Fighting
 - Level 11.0 Polearms
 - Level 2.4 Armour
 + Level 1.1 Dodging
 - Level 11.2 Invocations


You had 5 spell levels left.
You didn't know any spells.
Your spell library was empty.

Dungeon Overview and Level Annotations

Branches:
Dungeon (1/1)

Altars:
Cheibriados
Dithmenos
Elyvilon
Fedhas
Gozag
Hepliaklqana
Kikubaaqudgha
Nemelex Xobeh
Okawaru
Qazlal
Ru
Sif Muna
Trog
Uskayaw
Vehumet
Wu Jian
Yredelemnul
Zin
The Shining One

Shops:
D [

Annotations:
D Sonja


Innate Abilities, Weirdness & Mutations

You have a pair of horns on your head.
You reflexively headbutt those who attack you in melee.


Message History

Sonja throws a curare-tipped dart.
The curare-tipped dart hits you.
You are poisoned.
You have difficulty breathing.
You feel yourself slow down.
Found 108 gold pieces.
Okay, then.
Okay, then.
You aren't carrying any items that you can evoke.
Unknown command.
Space bends around you!
You blink.
You feel very sick.
You feel sick.
There is a hazy altar of Hepliaklqana here.
You feel sick.
There is a sparkling altar of Nemelex Xobeh here.
You aren't carrying any items that you can evoke.
You reach to attack!
You miss Sonja.
You feel sick.
Sonja throws a curare-tipped dart.
The curare-tipped dart hits you.
You are more poisoned.
You have difficulty breathing.
You feel as though you will be slow longer.
You feel very sick.
Sonja gestures wildly while chanting.
Sonja blinks!
There is a hazy altar of Hepliaklqana here.
You feel better. Sonja hits you but does no damage. x2
Space bends around you. Sonja hits you but does no damage.
Space bends around you.
Sonja hits you with a +2 dagger of distortion.
Sonja hits you but does no damage. Space bends around you.
* * * LOW HITPOINT WARNING * * *
Sonja hits you but does no damage.
You feel much better.
Sonja hits you with a +2 dagger of distortion!
Sonja hits you with a +2 dagger of distortion.
Space warps horribly around you!!
* * * LOW HITPOINT WARNING * * *
Sonja hits you with a +2 dagger of distortion.
* * * LOW HITPOINT WARNING * * *
Space warps horribly around you!
You die...

################
#<.#.)'..#..'..#
#.)'..#..[..#..+
#..#####'#####'#
#..####..#...#.#
#..#__####..##.#
#..#_____##'#_.+
#⌠⌠#_.∩...'..._#
####_..K@##_§#+#
#_____###'#
####### #.#


$K$ $.$ ##.## #+# You could see Sonja.

Vanquished Creatures
  Sigmund (D)
  A yak (D)
  An ogre (D)
  A jelly (D)
  Ijyb (D)
5 creatures vanquished.

Notes
Turn   | Place    | Note
-------+----------+-------------------------------------------
     0 | D        | dolemite99 the Minotaur Abyssal Knight began the quest for
                  | the Orb.
     0 | D        | Reached XP level 1. HP: 19/19 MP: 1/1
     1 | D        | Noticed Ijyb
    13 | D        | Killed Ijyb
    14 | D        | Reached XP level 2. HP: 4/26 MP: 2/2
    14 | D        | Reached XP level 3. HP: 5/31 MP: 3/3
   375 | D        | Noticed an ogre
   386 | D        | Killed an ogre
   386 | D        | Reached ** piety under Lugonu
   387 | D        | Reached XP level 4. HP: 18/39 MP: 4/4
   572 | D        | Noticed Sigmund
   587 | D        | Killed Sigmund
   588 | D        | Reached XP level 5. HP: 13/45 MP: 4/10
   588 | D        | Reached XP level 6. HP: 15/51 MP: 4/11
   810 | D        | Found an ornate altar of the Wu Jian Council.
   810 | D        | Found a shimmering blue altar of Sif Muna.
   834 | D        | Found a radiant altar of Vehumet.
   855 | D        | Found Riazemah's Antique Armour Emporium.
   855 | D        | Found an ancient bone altar of Kikubaaqudgha.
   855 | D        | Found a hazy altar of Hepliaklqana.
   855 | D        | Found a hide-covered altar of Uskayaw.
   855 | D        | Found a basalt altar of Yredelemnul.
   855 | D        | Found an opulent altar of Gozag.
   855 | D        | Found a snail-covered altar of Cheibriados.
   855 | D        | Found a sacrificial altar of Ru.
   855 | D        | Found a shadowy altar of Dithmenos.
   855 | D        | Noticed a yak
   869 | D        | Killed a yak
   953 | D        | Found a stormy altar of Qazlal.
   953 | D        | Found a blossoming altar of Fedhas.
   953 | D        | Found a bloodstained altar of Trog.
   953 | D        | Found an iron altar of Okawaru.
   953 | D        | Found a glowing golden altar of the Shining One.
   953 | D        | Found a glowing silver altar of Zin.
   953 | D        | Found a white marble altar of Elyvilon.
   954 | D        | Found a sparkling altar of Nemelex Xobeh.
   958 | D        | Bought a steaming ring mail for 225 gold pieces
   958 | D        | Identified the +1 ring mail of Lightning Storm {Int+2
                  | Dex+4} (You bought it in a shop in the Dungeon)
   976 | D        | Noticed Sonja
   983 | D        | Mangled by Sonja

Illustrated notes

Levels and vault maps discovered:
D:        dungeon_sprint_1 [red_sonja_temple_1, red_sonja_temple_small_1]

Skill      XL: |  1  2  3  4  5  6 |
---------------+-------------------+-----
Polearms       | 7 11 | 11.0
Invocations    | 8 11 | 11.2
Fighting       | |  3.6
Armour         | |  2.4
Dodging        | |  1.1

Action                   |  1- 3 |  4- 6 || total
-------------------------+-------+-------++-------
Melee: Spear             |    19 |    28 ||    47
       Headbutt          |     3 |     5 ||     8
Invok: Bend Space        |       |     1 ||     1
  Use: Potion            |     2 |     3 ||     5
Armor: Leather armour    |     2 |       ||     2
       Ring mail         |       |     5 ||     5
Dodge: Dodged            |     2 |     6 ||     8

Table legend: (Time is in decaauts)
 A = Elapsed time spent in this place.
 B = Non-inter-level travel time spent in this place.
 C = Inter-level travel time spent in this place.
 D = Time resting spent in this place.
 E = Time spent auto-exploring this place.
 F = Levels seen in this place.
 G = Mean time per level.
                   A        B        C        D        E       F      G
               +--------+--------+--------+--------+--------+-----+--------+
         Total |    962 |    962 |      0 |    807 |      0 |   1 |  962.0 |
       Dungeon |    962 |    962 |      0 |    807 |      0 |   1 |  962.0 |
               +--------+--------+--------+--------+--------+-----+--------+

Top non-repeatable levels by time:
       D: 962 daAuts
